 Dungeon Crawl Stone Soup version 0.29-a0-577-gafbf2c5d25 (webtiles) character file.

Game seed: 10884901263340833798

11275 bande the Cleaver (level 11, -2/67 HPs)
             Began as a Gargoyle Fighter on June 14, 2022.
             Was a High Priest of Okawaru.
             Slain by a cane toad (7 damage)
             ... on level 8 of the Dungeon.
             The game lasted 00:35:55 (17983 turns).

bande the Cleaver (Gargoyle Fighter)               Turns: 17983, Time: 00:35:56

Health: -2/67      AC: 29    Str: 27    XL:     11   Next: 75%
Magic:  14/16      EV:  9    Int:  8    God:    Okawaru [*****.]
Gold:   394        SH: 14    Dex: 13    Spells: 10/10 levels left

rFire   . . .      SeeInvis .   a - +1 war axe
rCold   . . .      Faith    .   C - +1 kite shield
rNeg    + . .      Spirit   .   r - +0 plate armour
rPois   ∞          Reflect  .   J - +0 hat {Will+}
rElec   +          Harm     .   (no cloak)
rCorr   .          Rampage  +   g - +0 pair of gloves
Will    ++...                   M - +2 pair of boots {rampage}
Stlth   ..........              I - amulet of regeneration
HPRegen 1.01/turn               i - +6 ring of strength
MPRegen 0.15/turn               u - ring of willpower

@: heroic, marked, flying
A: sickness immunity, AC +8, negative energy resistance 1, electricity
resistance, torment resistance 1, petrification resistance, big wings
a: Renounce Religion, Heroism, Finesse, Duel


You were on level 8 of the Dungeon.
You worshipped Okawaru.
Okawaru was extremely pleased with you.
You visited 2 branches of the dungeon, and saw 13 of its levels.

You collected 754 gold pieces.
You spent 360 gold pieces at shops.

Inventory:

Hand Weapons
 a - a +1 war axe (weapon)
 n - a +0 war axe
 G - a +0 morningstar
Missiles
 E - 2 throwing nets (quivered)
Armour
 g - a +0 pair of gloves (worn)
 l - a +2 helmet
 r - a +0 plate armour (worn)
 C - a +1 kite shield (worn)
 D - a scarf of invisibility
 J - a +0 hat of willpower (worn)
 M - a +2 pair of boots of rampaging (worn)
Jewellery
 e - a ring of magical power
 i - a +6 ring of strength (left hand)
 q - an amulet of reflection
 u - a ring of willpower (right hand)
 v - a ring of fire
 y - a ring of positive energy
 H - a ring of wizardry
 I - an amulet of regeneration (around neck)
 K - a ring of see invisible
Wands
 c - a wand of paralysis (4)
 w - a wand of mindburst (2)
 F - a wand of flame (28)
 N - a wand of digging (2)
 Q - a wand of iceblast (5)
Scrolls
 j - 4 scrolls of fog
 x - a scroll of enchant weapon
 z - 8 scrolls of teleportation
 B - 4 scrolls of poison
 L - a scroll of fear
Potions
 b - a potion of flight {unknown}
 d - a potion of might
 f - 3 potions of brilliance
 h - 3 potions of invisibility
 k - 3 potions of cancellation
 m - 3 potions of curing
 o - 2 potions of haste {unknown}
 p - a potion of attraction {unknown}
 s - 3 potions of mutation
 A - a potion of ambrosia {unknown}


   Skills:
 + Level 7.4(12.4) Fighting
 + Level 9.7(14.7) Axes
 + Level 8.2(13.2) Armour
 - Level 0.2(5.2) Stealth
 + Level 9.0(14.0) Shields
 * Level 7.1 Invocations
 * Level 6.2 Evocations


You had 10 spell levels left.
You didn't know any spells.
Your spell library contained the following spells:

 Spells                   Type           Power      Damage    Failure   Level
 Scorch                   Fire           0%         2d5       100%        2
 Static Discharge         Conj/Air       0%         N/A       100%        2
 Confusing Touch          Hex            0%         N/A       100%        3
 Portal Projectile        Hex/Tloc       0%         N/A       100%        3
 Flame Wave               Conj/Fire      0%         2d4       100%        4
 Blade Hands              Tmut           0%         N/A       100%        5
 Lightning Bolt           Conj/Air       0%         1d11      100%        5
 Yara's Violent Unravell  Hex/Tmut       0%         3d3       100%        5
 Enfeeble                 Hex            0%         N/A       100%        7
 Maxwell's Capacitive Co  Air            0%         ∞         100%        8
 Tukima's Dance           Hex            Unusable   N/A       N/A         3
 Summon Cactus Giant      Summ           Unusable   N/A       N/A         6

Dungeon Overview and Level Annotations

Branches:
Dungeon (12/15)            Temple (0/1) D:7            Lair (1/6) D:8
    Orc (0/2) D:10

Altars:
Cheibriados
Fedhas
Gozag
Okawaru
Ru
Trog
Vehumet
Xom
Yredelemnul

Shops:
D:7 *   D:8 =:[


Innate Abilities, Weirdness & Mutations

You are immune to sickness and miasma.
Your stone body is resilient. (AC +8)
You are immune to poison.
You resist negative energy. (rN+)
You are resistant to electric shocks. (rElec)
You are resistant to unholy torment.
You are immune to petrification.
Your large and strong wings let you fly.


Message History

The cane toad is moderately wounded.
You hit the yak but do no damage. You slash the yak!
You barely miss the black mamba. You barely miss the cane toad.
You block the cane toad's attack. The black mamba bites you.
* * * LOW HITPOINT WARNING * * *
You block the cane toad's attack.
The yak gores you but does no damage. x2
You barely miss the cane toad.
The cane toad is moderately wounded.
You hit the cane toad. You hit the black mamba. You barely miss the yak.
You hit the yak. The black mamba barely misses you.
You block the cane toad's attack. x2; You block the yak's attack. x2
The black mamba closely misses you.
Unknown command.
You barely miss the yak.
The yak is heavily wounded.
You slash the black mamba! You closely miss the cane toad.
You barely miss the cane toad. You barely miss the yak.
The cane toad stings you but does no damage.
You block the black mamba's attack. The cane toad stings you.
* * * LOW HITPOINT WARNING * * *
The yak barely misses you. x2
You slash the yak!
The yak is severely wounded.
You barely miss the yak. You barely miss the cane toad. You hit the cane toad.
You miss the black mamba. You block the black mamba's attack.
The cane toad barely misses you. The cane toad stings you.
* * * LOW HITPOINT WARNING * * *
The black mamba bites you but does no damage.
The yak gores you!
* * * LOW HITPOINT WARNING * * *
The yak gores you but does no damage.
The cane toad stings you but does no damage.
Unknown command.
You slice the yak!!
You kill the yak!
Okawaru accepts your kill.
You slash the black mamba!
You hit the cane toad but do no damage. x2
You barely miss the yak. The black mamba completely misses you.
The cane toad stings you!
You die...

##..## #....## ###...##
##.....##
#############....P.(#
........##..#.....P.##
#######..#.#.........###
.# ##........†S.....#
.## ##.[....Y@F.....#
..# ##.##....F......#
..#### #..##...........#
.....# #)####.P.....#..#
#..#.###.# #.......#..#
.........#####.....##..#
#####.......###...###..#
# ##..#####..........#
#######.#####........<.#


You could see a black mamba, a yak and 2 cane toads.

Vanquished Creatures
  A hydra (D:10)
  A two-headed ogre (D:9)
  Pikel (D:4)
  A manticore (D:7)
  An unseen horror (D:11)
  Prince Ribbit (D:7)
  17 yaks
  3 wyverns
  Eustachio (D:5)
  2 basilisks (D:8)
  5 vampire mosquitoes
  3 steam dragons
  A water moccasin (D:7)
  2 orc warriors
  Duvessa (D:5)
  2 ice beasts (D:6)
  2 black bears
  3 sky beasts
  3 ogres
  6 centaurs
  A lemure (D:4)
  2 kobold brigands
  A bullfrog (D:7)
  3 gnoll sergeants
  A necrophage (D:7)
  4 scorpions
  Dowan (D:5)
  10 wights
  4 killer bees
  4 howler monkeys
  2 electric eels (D:9)
  9 hounds
  3 jellies
  2 gnoll shamans
  5 iguanas
  5 orc priests
  Jessica (D:2)
  7 orc wizards
  25 gnolls
  5 adders
  2 shadow imps
  An ufetubus (D:6)
  A dart slug (D:4)
  29 orcs
  3 endoplasms
  3 giant cockroaches
  12 goblins
  13 hobgoblins
  7 jackals
  8 quokkas
  8 ball pythons
  11 bats
  3 frilled lizards
  14 kobolds
  9 rats
276 creatures vanquished.

Vanquished Creatures (others)
  27 plants
27 creatures vanquished.

Grand Total: 303 creatures vanquished

Notes
Turn   | Place    | Note
-------+----------+-------------------------------------------
     0 | D:1      | bande the Gargoyle Fighter began the quest for the Orb.
     0 | D:1      | Reached XP level 1. HP: 14/14 MP: 1/1
   108 | D:1      | Reached XP level 2. HP: 19/19 MP: 2/2
   215 | D:1      | Found a faded altar of an unknown god.
   584 | D:1      | Reached XP level 3. HP: 22/23 MP: 3/3
  1093 | D:2      | Noticed Jessica
  1097 | D:2      | Killed Jessica
  1098 | D:2      | Reached XP level 4. HP: 29/29 MP: 4/4
  1465 | D:2      | Reached XP level 5. HP: 27/33 MP: 5/5
  1987 | D:3      | Found a radiant altar of Vehumet.
  3293 | D:4      | Found a sacrificial altar of Ru.
  3295 | D:4      | Found a shimmering altar of Xom.
  3309 | D:4      | Reached XP level 6. HP: 33/38 MP: 6/6
  3718 | D:4      | Noticed Pikel
  3741 | D:4      | Killed Pikel
  3742 | D:4      | Reached skill level 5 in Axes
  3742 | D:4      | Reached XP level 7. HP: 34/44 MP: 7/7
  3872 | D:4      | Noticed a steam dragon
  4031 | D:4      | Gained mutation: Your large and strong wings let you fly.
                  | [potion of mutation]
  4085 | D:4      | Found an iron altar of Okawaru.
  4096 | D:4      | Became a worshipper of Warmaster Okawaru
  4159 | D:4      | Reached skill level 5 in Shields
  4390 | D:5      | Entered Level 5 of the Dungeon
  4508 | D:4      | Reached skill level 1 in Invocations
  4508 | D:4      | Reached XP level 8. HP: 48/48 MP: 8/8
  4821 | D:4      | Reached skill level 5 in Armour
  5826 | D:5      | Noticed Duvessa
  5826 | D:5      | Noticed Dowan
  5837 | D:5      | Killed Duvessa
  5845 | D:5      | Killed Dowan
  5845 | D:5      | Reached * piety under Okawaru
  6389 | D:5      | Reached skill level 5 in Fighting
  6405 | D:5      | Noticed Eustachio
  6837 | D:5      | Killed Eustachio
  7438 | D:6      | Reached XP level 9. HP: 54/54 MP: 11/11
  7737 | D:6      | Noticed Prince Ribbit
  8391 | D:7      | Killed Prince Ribbit
  8409 | D:7      | Reached ** piety under Okawaru
  8722 | D:7      | Found Ginu's Assorted Antiques.
  9713 | D:7      | Noticed a manticore
  9734 | D:7      | Killed a manticore
  9734 | D:7      | Reached *** piety under Okawaru
 10059 | D:7      | Found a snail-covered altar of Cheibriados.
 10140 | D:7      | Found a staircase to the Ecumenical Temple.
 10219 | D:7      | Reached XP level 10. HP: 57/60 MP: 13/13
 10775 | D:8      | Found Biogiul's Armour Emporium.
 10862 | D:8      | Reached skill level 5 in Invocations
 11150 | D:8      | Found a staircase to the Lair.
 12254 | D:8      | Reached **** piety under Okawaru
 12311 | D:8      | Found Tujuj's Jewellery Boutique.
 12334 | D:8      | Found Zeqivvud's Book Boutique.
 12497 | D:8      | Received a gift from Okawaru
 12798 | D:8      | Bought an amulet of regeneration for 360 gold pieces
 12850 | D:9      | Reached skill level 5 in Evocations
 13672 | D:9      | Found a blossoming altar of Fedhas.
 14005 | D:9      | Reached XP level 11. HP: 66/66 MP: 15/15
 14717 | D:9      | Found a bloodstained altar of Trog.
 14908 | D:10     | Entered Level 10 of the Dungeon
 14928 | D:10     | Noticed a two-headed ogre
 14957 | D:9      | Killed a two-headed ogre
 14957 | D:9      | Reached ***** piety under Okawaru
 15375 | D:10     | Found a basalt altar of Yredelemnul.
 15494 | D:10     | Found a staircase to the Orcish Mines.
 15659 | D:10     | You are sucked into a shaft and drop 2 floors!
 16060 | D:10     | Received a gift from Okawaru
 16604 | D:11     | Noticed a seven-headed hydra
 16642 | D:10     | HP: 1/67 [seven-headed hydra (4)]
 16646 | D:10     | Killed a seven-headed hydra
 17234 | D:11     | Found an opulent altar of Gozag.
 17958 | Lair:1   | Entered Level 1 of the Lair of Beasts
 17971 | Lair:1   | Noticed a catoblepas
 17974 | Lair:1   | HP: 1/67 [cane toad (17)]
 17983 | D:8      | Slain by a cane toad

Illustrated notes

Levels and vault maps discovered:
D:1:      dpeg_arrival_connections, layout_loops_ring, basic_ecumenical_altar,
          serial_bayou, serial_bayou_lagoon_a, serial_bayou_crossing,
          serial_bayou_pond_c, serial_bayou_shore_b, serial_bayou_shore_a,
          serial_bayou_pond_b, chequers_serial_rivers_micro_c
D:2:      layout_rooms, uniq_jessica
D:3:      layout_basic, marbit_many_paths, serial_corexii_hall,
          chequers_hall_statues_corner_a, corexii_hall_statues_x, st_stairs_1
D:4:      cheibrodos_old_hovel, layout_loops_cross,
          mainiacjoe_overflow_catwalk_spiral,
          mainiacjoe_overflow_six_doors_small, lightli_corner_chamber,
          uniq_pikel
D:5:      dreamdust_elfheim, layout_gridville, uniq_eustachio
D:6:      layout_loops_ring, st_stairs_1, small_statue_intersection,
          kennysheep_minor_cross, uniq_prince_ribbit1
D:7:      layout_loops_ring, mainiacjoe_overflow_surrounded_room,
          minmay_temple_entry_nine_rooms, serial_shops, shop
D:8:      kennysheep_housing_project, layout_rooms, david_lair_generic,
          serial_shops, shop, shop, nicolae_shop_behind_doors
D:9:      cheibrodos_helix_gallery, layout_cave_pools,
          fedhas_bush_and_centaur_altar, trog_butcher_becter,
          minmay_tree_intersection
D:10:     layout_rooms, mainiacjoe_overflow_tiny_flanked, orc_0_dummy
D:11:     layout_small_grid, grunt_gozag_breadcrumbs
D:12:     layout_layer_cave, enter_trove_2, uniq_urug, uniq_snorg
Lair:1:   layout_long_grid, portal_ice_cave_demonic_guard

Skill      XL: |  1  2  3  4  5  6  7  8  9 10 11 |
---------------+----------------------------------+-----
Axes           | 2 3 4 5 6 7 8 9 |  9.7
Armour         | 4 5 6 7 8 |  8.2
Fighting       | 4 5 6 7 |  7.4
Shields        | 4 5 6 7 8 9 |  9.0
Evocations     | 2 3 4 5 6 |  6.2
Invocations    | 1 3 4 6 7 |  7.1
Stealth        | |  0.2

Action                   |  1- 3 |  4- 6 |  7- 9 | 10-12 || total
-------------------------+-------+-------+-------+-------++-------
Melee: War axe           |   110 |   214 |   353 |   494 ||  1171
       Morningstar       |       |       |       |     7 ||     7
Invok: Heroism           |       |       |       |     2 ||     2
  Use: Scroll            |     3 |     6 |     4 |     7 ||    20
       Potion            |       |       |     2 |     4 ||     6
Armor: Scale mail        |    80 |   166 |    24 |       ||   270
       Chain mail        |       |       |   196 |       ||   196
       Plate armour      |       |       |    46 |   494 ||   540
Dodge: Dodged            |    63 |   151 |   132 |   177 ||   523
Block: Buckler           |    35 |   124 |   165 |       ||   324
       Reflection        |       |     4 |       |     7 ||    11
       Kite shield       |       |       |   135 |   531 ||   666

Table legend: (Time is in decaauts)
 A = Elapsed time spent in this place.
 B = Non-inter-level travel time spent in this place.
 C = Inter-level travel time spent in this place.
 D = Time resting spent in this place.
 E = Time spent auto-exploring this place.
 F = Levels seen in this place.
 G = Mean time per level.
                   A        B        C        D        E       F      G
               +--------+--------+--------+--------+--------+-----+--------+
         Total |  18375 |  18120 |    255 |   8189 |   6455 |  13 | 1413.5 |
       Dungeon |  18362 |  18107 |    255 |   8189 |   6455 |  12 | 1530.2 |
          Lair |     13 |     13 |      0 |      0 |      0 |   1 |   13.0 |
               +--------+--------+--------+--------+--------+-----+--------+

Top non-repeatable levels by time:
     D:8: 3030 daAuts
     D:7: 2322 daAuts
     D:4: 2226 daAuts
     D:9: 1736 daAuts
     D:6: 1504 daAuts
    D:10: 1480 daAuts
     D:5: 1464 daAuts
     D:2: 1223 daAuts
     D:1: 1191 daAuts
    D:11: 1138 daAuts
     D:3: 1039 daAuts
  Lair:1: 13 daAuts
    D:12: 4 daAuts
